 Dungeon Crawl Stone Soup version 0.29.0-4-gdea44cf6ec (webtiles) character file.

Game seed: 3755938778864078061

3 Destructed3 the Trooper (level 1, 0/18 HPs)
             Began as a Mummy Monk on Aug 27, 2022.
             Slain by a hobgoblin (4 damage)
             ... on level 1 of the Dungeon.
             The game lasted 00:00:09 (32 turns).

Destructed3 the Trooper (Mummy Monk)                  Turns: 32, Time: 00:00:09

Health: 0/18       AC:  2    Str: 14    XL:     1   Next: 41%
Magic:  1/1        EV: 12    Int:  9    God:
Gold:   0          SH:  0    Dex: 14    Spells: 0/0 levels left

rFire   x . .      SeeInvis .     - Unarmed
rCold   + . .      Faith    .   (no shield)
rNeg    + + +      Spirit   .   a - +0 robe
rPois   ∞          Reflect  .   (no helmet)
rElec   .          Harm     .   (no cloak)
rCorr   .          Rampage  .   (no gloves)
Will    .....                   (no boots)
Stlth   ++........              (no amulet)
HPRegen 0.06/turn               (no ring)
MPRegen 0.07/turn               (no ring)

@: no status effects
A: cold resistance 1, negative energy resistance 3, torment resistance 2, heat
vulnerability 1, no potions
a: no special abilities


You were on level 1 of the Dungeon.
You visited 1 branch of the dungeon, and saw 1 of its levels.

Inventory:

Armour
 a - a +0 robe (worn)
Scrolls
 b - a scroll of identify {unknown}


   Skills:
 + Level 3.0 Fighting
 + Level 2.4 Dodging
 + Level 1.5 Stealth
 + Level 2.5 Unarmed Combat


You couldn't memorise any spells.
You didn't know any spells.
Your spell library was empty.

Dungeon Overview and Level Annotations

Branches:
Dungeon (1/15)

Altars:


Innate Abilities, Weirdness & Mutations

You are immune to poison.
Your flesh is cold resistant. (rC+)
You are immune to negative energy. (rN+++)
You are immune to unholy pain and torment.
You are vulnerable to heat. (rF-)
You do not drink.


Message History

The ball python constricts you.
You closely miss the ball python.
The ball python is moderately wounded.
The ball python completely misses you. The ball python constricts you.
You closely miss the ball python.
The ball python is moderately wounded.
The ball python barely misses you. The ball python constricts you.
You hit the ball python but do no damage.
The ball python is moderately wounded.
The ball python bites you. The ball python constricts you.
You hit the ball python.
The ball python is severely wounded.
The ball python bites you. The ball python constricts you.
The ball python bites you. The ball python constricts you.
You hit the ball python.
You kill the ball python!
The dart slug launches a dart at you. The slug dart hits you.
The hobgoblin shouts!
A kobold comes into view. It is wielding a +0 whip.
A bat comes into view.
The kobold shouts!
The hobgoblin closely misses you. The dart slug completely misses you.
You hit the dart slug.
The dart slug is heavily wounded.
The hobgoblin barely misses you.
You hit the dart slug.
You kill the dart slug!
The hobgoblin closely misses you. The hobgoblin hits you.
* * * LOW HITPOINT WARNING * * *
You see here a dart slug corpse.
The bat closely misses you. The kobold closely misses you.
The hobgoblin closely misses you.
You miss the kobold. The bat barely misses you. The bat closely misses you.
The kobold closely misses you. The hobgoblin completely misses you.
You closely miss the kobold. The bat hits you.
* * * LOW HITPOINT WARNING * * *
The kobold misses you. The hobgoblin hits you.
You die...

#≈......§# .#
#≈.)....≈#####.##. ..
#8......8#.......# ..P
.####''####.......##..
....................#
...######..........#
.. ................# .
.#.......?..gK..#
#......>...†@..#
##............#.....
##.........b## ...
##########.# . #..#
..... ...... ......


You could see a hobgoblin, a bat and a kobold.

Vanquished Creatures
  A dart slug (D:1)
  A ball python (D:1)
2 creatures vanquished.

Notes
Turn   | Place    | Note
-------+----------+-------------------------------------------
     0 | D:1      | Destructed3 the Mummy Monk began the quest for the Orb.
     0 | D:1      | Reached XP level 1. HP: 18/18 MP: 1/1
    32 | D:1      | Slain by a hobgoblin

Illustrated notes

Levels and vault maps discovered:
D:1:      lightli_arrival_noodles, layout_rooms, shapermc_ecumenical_altar_gd,
          chequers_serial_rivers_large_a, chequers_arboretum,
          minmay_pentomino_t2

Action                   || total
-------------------------++-------
Melee: Unarmed           ||    10
Dodge: Dodged            ||    17
